 Dungeon Crawl Stone Soup version 0.29.1-15-g9cfb28693d (webtiles) character file.

Game seed: 12353418256731953321

2 croobank the Firebug (level 1, -1/11 HPs)
             Began as an Octopode Fire Elementalist on Apr 14, 2023.
             Slain by a kobold
             ... wielding a +0 club
              (3 damage)
             ... on level 1 of the Dungeon.
             The game lasted 00:00:36 (75 turns).

croobank the Firebug (Octopode Fire Elementalist)     Turns: 75, Time: 00:00:36

Health: -1/11      AC:  1    Str:  7    XL:     1   Next: 30%
Magic:  3/3        EV: 13    Int: 17    God:
Gold:   0          SH:  0    Dex: 12    Spells: 3/4 levels left

rFire   . . .      SeeInvis .   d - +0 short sword
rCold   + . .      Faith    .   (no shield)
rNeg    . . .      Spirit   .   (helmet restricted)
rPois   .          Reflect  .   (no amulet)
rElec   .          Harm     .   c - ring of protection from cold
rCorr   .          Rampage  .   (no ring)
Will    .....                   (no ring)
Stlth   +++.......              (no ring)
HPRegen 0.03/turn               (no ring)
MPRegen 0.08/turn               (no ring)
                                (no ring)
                                (no ring)

@: no status effects
A: almost no armour, amphibious, 8 rings, camouflage 1, gelatinous body 1,
(nimble swimmer 1), tentacles
a: no special abilities


You were on level 1 of the Dungeon.
You visited 1 branch of the dungeon, and saw 1 of its levels.

Inventory:

Hand Weapons
 d - a +0 short sword (weapon)
Jewellery
 c - a ring of protection from cold (left tentacle)
Scrolls
 b - a scroll of amnesia {unknown}


   Skills:
 + Level 2.0 Dodging
 + Level 2.7 Stealth
 + Level 2.0 Spellcasting
 + Level 1.0 Conjurations
 + Level 3.0 Fire Magic


You had 3 spell levels left.
You knew the following spells:

 Your Spells              Type           Power      Damage    Failure   Level
a - Foxfire               Conj/Fire      32%        2x1d5     9%          1

Your spell library contained the following spells:

 Spells                   Type           Power      Damage    Failure   Level
 Scorch                   Fire           24%        2d6       9%          2
 Conjure Flame            Conj/Fire      8%         6-21      26%         3
 Inner Flame              Hex/Fire       6%         N/A       30%         3
 Flame Wave               Conj/Fire      8%         2d5       63%         4


Dungeon Overview and Level Annotations

Branches:
Dungeon (1/15)

Altars:


Innate Abilities, Weirdness & Mutations

You cannot wear most types of armour.
You are amphibious.
You can wear up to eight rings at the same time.
Your skin changes colour to match your surroundings (Stealth+).
Your rubbery body absorbs attacks. (AC +1, EV +1)
((You are camouflaged when in or above water. (Stealth+)))
You have tentacles for arms and can constrict up to eight enemies at once.


Message History

The hobgoblin is severely wounded.
You constrict the hobgoblin, but do no damage.
The hobgoblin hits you.
A kobold comes into view. It is wielding a +0 club.
The kobold shouts!
You tentacle-slap the hobgoblin.
You kill the hobgoblin!
Casting: Foxfire (safe; 9% risk of failure)
Confirm with . or Enter, or press ? or * to list all spells.
You miscast Foxfire.
You are very lightly contaminated with residual magic.
Nothing appears to happen.
The kobold barely misses you. The kobold attacks as you move away!
The kobold hits you with a +0 short sword.
You closely miss the kobold. Your grab misses the kobold.
Your squeeze misses the kobold. The kobold barely misses you.
Your magical contamination has completely faded away.
You tentacle-slap the kobold. Your grab misses the kobold.
The kobold is moderately wounded.
The kobold completely misses you.
Casting: Foxfire (safe; 9% risk of failure)
Confirm with . or Enter, or press ? or * to list all spells.
You conjure some foxfire!
The foxfire hits the kobold.
You kill the kobold!
Casting: Foxfire (safe; 9% risk of failure)
Confirm with . or Enter, or press ? or * to list all spells.
You don't have enough magic to cast this spell.
Things that are here:
a +0 short sword; 3 stones
d - a +0 short sword (weapon)
The kobold closely misses you.
You hit the kobold but do no damage. Your grab misses the kobold.
Your squeeze misses the kobold. The kobold closely misses you.
You barely miss the kobold. Your grab misses the kobold.
Your squeeze misses the kobold. The kobold hits you with a +0 club.
* * * LOW HITPOINT WARNING * * *
You completely miss the kobold. Your grab misses the kobold.
Your squeeze misses the kobold. The kobold misses you.
Magic courses through your body. The kobold hits you with a +0 club.
You die...

..[.#........
.............
.............
.........K...
......... # .....
.
########†########.
#.K.............#.
#@#############.#.
#.#...........#.#.
#.#.####.####.#...
..# #.......#.#.##
#.# #.#####.#.#.#
#.# #.#...#.#.#.#
#.# #.#...#.#.#.#
#.+ #...<.#.#.'.#
#.#...#.#.#.#


You could see a kobold.

Vanquished Creatures
  A hobgoblin (D:1)
  A kobold (D:1)
2 creatures vanquished.

Vanquished Creatures (others)
  2 foxfires (D:1)
2 creatures vanquished.

Grand Total: 4 creatures vanquished

Notes
Turn   | Place    | Note
-------+----------+-------------------------------------------
     0 | D:1      | croobank the Octopode Fire Elementalist began the quest for
                  | the Orb.
     0 | D:1      | Reached XP level 1. HP: 11/11 MP: 3/3
    75 | D:1      | Slain by a kobold

Illustrated notes

Levels and vault maps discovered:
D:1:      matt_arrival_refuge, layout_rooms,
          ebering_ecumenical_altar_sacrificial

Action                   || total
-------------------------++-------
Melee: Unarmed           ||     4
       Short sword       ||     3
       Constrict         ||     1
       Tentacles         ||     1
 Cast: Foxfire           ||     3
  Use: Potion            ||     1
Dodge: Dodged            ||     6
